 Dungeon Crawl Stone Soup version 0.28.0-53-g5a82cb258f (webtiles) character file.

Game seed: 10259097126967125641

16 moldycheese5 the Skirmisher (level 2, -1/24 HPs)
             Began as a Demonspawn Abyssal Knight on June 17, 2022.
             Was a Follower of Lugonu.
             Slain by a goblin
             ... wielding a +0 club
              (4 damage)
             ... on level 1 of the Dungeon.
             The game lasted 00:00:52 (882 turns).

moldycheese5 the Skirmisher (DsAK)                   Turns: 882, Time: 00:00:52

Health: -1/24      AC:  3    Str: 13    XL:     2   Next: 37%
Magic:  3/3        EV: 11    Int: 11    God:    Lugonu [*.....]
Gold:   36         SH:  0    Dex: 13    Spells: 1/1 levels left

rFire   . . .      SeeInvis .   a - +1 falchion
rCold   . . .      Faith    .   (no shield)
rNeg    . . .      Spirit   .   b - +0 leather armour
rPois   .          Reflect  .   (no helmet)
rElec   .          Harm     .   (no cloak)
rCorr   .          Rampage  .   (no gloves)
Will    .....                   (no boots)
Stlth   +.........              (no amulet)
HPRegen 0.08/turn               (no ring)
MPRegen 0.08/turn               (no ring)

@: no status effects
A: claws 1
a: Renounce Religion, Depart the Abyss


You were on level 1 of the Dungeon.
You worshipped Lugonu.
Lugonu was aware of your devotion.
You visited 1 branch of the dungeon, and saw 1 of its levels.
You visited the Abyss 1 time.

You collected 36 gold pieces.

Inventory:

Hand Weapons
 a - a +1 falchion (weapon)
Armour
 b - a +0 leather armour (worn)
Scrolls
 c - a scroll of teleportation {unknown}
 e - a scroll of identify {unknown}
Potions
 d - a potion of curing {unknown}


   Skills:
 + Level 3.4 Fighting
 + Level 1.9 Long Blades
 + Level 2.1 Armour
 + Level 1.0 Dodging
 + Level 2.4 Invocations


You had one spell level left.
You didn't know any spells.
Your spell library was empty.

Dungeon Overview and Level Annotations

Branches:
Dungeon (1/15)

Altars:


Innate Abilities, Weirdness & Mutations

You have sharp fingernails.


Message History

There are monsters nearby!
There are monsters nearby!
There are monsters nearby!
A ball python and a kobold come into view.
The frilled lizard hisses angrily.
The ball python hisses angrily.
The kobold shouts!
An endoplasm comes into view.
Found 20 gold pieces.
The endoplasm quivers.
The goblin closely misses you.
You closely miss the goblin. The goblin closely misses you.
The ball python barely misses you. The ball python closely misses you.
You hit the goblin.
The goblin is severely wounded.
A goblin comes into view. It is wielding a +0 club.
The frilled lizard bites you. The ball python bites you.
The ball python barely misses you. The goblin hits you with a +0 club.
A rat comes into view.
The frilled lizard closely misses you.
The goblin moves out of view.
You closely miss the goblin.
The goblin is severely wounded.
The ball python closely misses you. The ball python barely misses you.
The goblin hits you with a +0 club.
The ball python bites you but does no damage.
The ball python closely misses you. The frilled lizard barely misses you.
You barely miss the goblin.
The goblin is heavily wounded.
The goblin hits you with a +0 club. The ball python barely misses you.
The ball python grabs you. The ball python constricts you.
The frilled lizard bites you.
The kobold hits you with a +0 short sword.
* * * LOW HITPOINT WARNING * * *
The goblin hits you but does no damage.
You escape the ball python's grasp.
The frilled lizard barely misses you. The kobold barely misses you.
The endoplasm freezes you.
You are frozen.
* * * LOW HITPOINT WARNING * * *
The goblin hits you with a +0 club.
You die...

...
#######.######
...
.>...........#
...
#######.######
#........#
#........#
#........#
#........#
...####.K......#
≈≈.....@l.S....#
≈≈P####gJ......#
#.r......#
#.......g#
#.........
#..#.###.#
#..... ..
#..#.## #..#.#$#


You could see an endoplasm, 2 goblins, a ball python, a kobold, a frilled lizard
and a rat.

Vanquished Creatures
  2 bats (D:1)
  3 endoplasms (D:1)
  A goblin (D:1)
  2 hobgoblins (D:1)
  A ball python (D:1)
  2 frilled lizards (D:1)
  4 rats (D:1)
15 creatures vanquished.

Notes
Turn   | Place    | Note
-------+----------+-------------------------------------------
     0 | Abyss:1  | moldycheese5 the Demonspawn Abyssal Knight began the quest
                  | for the Orb.
     0 | Abyss:1  | Reached XP level 1. HP: 18/18 MP: 2/2
     0 | D:1      | Escaped the Abyss
    49 | D:1      | Reached * piety under Lugonu
   376 | D:1      | Gained mutation: You have sharp fingernails. [demonic
                  | ancestry]
   376 | D:1      | Reached XP level 2. HP: 24/24 MP: 3/3
   688 | D:1      | Reached skill level 1 in Dodging
   737 | D:1      | Found a faded altar of an unknown god.
   882 | D:1      | Slain by a goblin

Illustrated notes

Levels and vault maps discovered:
D:1:      lightli_molten_gateway, layout_rooms,
          chequers_ecumenical_altar_simple, st_stairs_13, serial_bayou_pond_d,
          minmay_misc_feat_square, hangedman_feature_mirror,
          chequers_serial_rivers_micro_a, minmay_surrounded

Skill      XL: |  1  2 |
---------------+-------+-----
Armour         | 2 |  2.1
Dodging        | 1 |  1.0
Fighting       | |  3.4
Long Blades    | |  1.9
Invocations    | |  2.4

Action                   || total
-------------------------++-------
Melee: Falchion          ||    50
       Punch             ||     1
Invok: Depart the Abyss  ||     1
Armor: Leather armour    ||    21
Dodge: Dodged            ||    52
